 Dungeon Crawl Stone Soup version 0.29.0-13-gc9e81de378 (webtiles) character file.

Game seed: 8066977554155418788

59 ragingrage the Firebug (level 4, 0/31 HPs)
             Began as an Octopode Cinder Acolyte on Sept 7, 2022.
             Was a High Priest of Ignis.
             Slain by a kobold brigand
             ... wielding a +0 short sword
              (9 damage)
             ... on level 4 of the Dungeon.
             The game lasted 00:01:53 (2331 turns).

ragingrage the Firebug (Octopode Cinder Acolyte)    Turns: 2331, Time: 00:01:53

Health: 0/31       AC:  1    Str: 13    XL:     4   Next: 3%
Magic:  1/7        EV: 12    Int: 18    God:    Ignis [*****.]
Gold:   89         SH:  0    Dex:  7    Spells: 5/7 levels left

rFire   + . .      SeeInvis .   l - +1 spear (flame)
rCold   . . .      Faith    .   (no shield)
rNeg    . . .      Spirit   .   (helmet restricted)
rPois   .          Reflect  .   (no amulet)
rElec   .          Harm     .   (no ring)
rCorr   .          Rampage  .   (no ring)
Will    .....                   (no ring)
Stlth   ++........              (no ring)
HPRegen 0.10/turn               (no ring)
MPRegen 0.10/turn               (no ring)
                                (no ring)
                                (no ring)

@: slowed, very slow
A: almost no armour, amphibious, 8 rings, camouflage 1, gelatinous body 1,
(nimble swimmer 1), tentacles
a: Renounce Religion, Fiery Armour, Foxfire Swarm, Rising Flame


You were on level 4 of the Dungeon.
You worshipped Ignis.
Ignis was extremely pleased with you.
You visited 1 branch of the dungeon, and saw 4 of its levels.

You collected 89 gold pieces.

Inventory:

Hand Weapons
 l - a +1 spear of flaming (weapon)
Wands
 k - a wand of flame (21)
Scrolls
 a - a scroll of noise {unknown}
 b - 2 scrolls of fear
 c - a scroll of vulnerability {unknown}
 g - a scroll of enchant weapon {unknown}
 h - a scroll of enchant armour {unknown}
 i - a scroll of magic mapping {unknown}
 j - a scroll of torment {unknown}
Potions
 d - a potion of magic {unknown}
 e - a potion of curing
 f - 3 potions of heal wounds {unknown}


   Skills:
 - Level 3.0 Fighting
 - Level 3.0 Polearms
 + Level 2.4 Spellcasting
 + Level 4.0 Fire Magic


You had 5 spell levels left.
You knew the following spells:

 Your Spells              Type           Power      Damage    Failure   Level
a - Scorch                Fire           32%        2d7       4%          2

Your spell library contained the following spells:

 Spells                   Type           Power      Damage    Failure   Level
 Petrify                  Tmut/Erth      2%         N/A       86%         4
 Metabolic Englaciation   Hex/Ice        1%         N/A       99%         5
 Statue Form              Tmut/Erth      1%         N/A       100%        6


Dungeon Overview and Level Annotations

Branches:
Dungeon (4/15)
 Temple: D:4-7

Altars:

Annotations:
D:3 Sigmund
D:4 exclusion: upstairs


Innate Abilities, Weirdness & Mutations

You cannot wear most types of armour.
You are amphibious.
You can wear up to eight rings at the same time.
Your skin changes colour to match your surroundings (Stealth+).
Your rubbery body absorbs attacks. (AC +1, EV +1)
((You are camouflaged when in or above water. (Stealth+)))
You have tentacles for arms and can constrict up to eight enemies at once.


Message History

The kobold brigand throws a curare-tipped dart.
The curare-tipped dart hits you.
You are poisoned.
You have difficulty breathing.
You feel yourself slow down. The kobold attacks as you move away!
The kobold hits you with a +0 short sword.
You feel very sick. The orc closely misses you. The kobold closely misses you.
The kobold attacks as you move away! The kobold barely misses you.
You feel very sick.
It was a potion of curing.
You feel better. The orc misses you. The orc hits you with a +0 short sword.
Unknown command.
Casting: Scorch (safe; 4% risk of failure)
Confirm with . or Enter, or press ? or * to list all spells.
Flames lash the orc.
You kill the orc!
Your Fire Magic skill increases to level 4!
Casting: Scorch (safe; 4% risk of failure)
Confirm with . or Enter, or press ? or * to list all spells.
Flames lash the kobold brigand.
The kobold brigand is moderately wounded.
The kobold brigand's fire resistance burns away.
The kobold brigand misses you.
The kobold brigand hits you with a +0 short sword.
Casting: Scorch (safe; 4% risk of failure)
Confirm with . or Enter, or press ? or * to list all spells.
Flames lash the kobold brigand.
The kobold brigand is burned terribly!
The kobold brigand is severely wounded.
The kobold brigand closely misses you.
Casting: Scorch (safe; 4% risk of failure)
Confirm with . or Enter, or press ? or * to list all spells.
You don't have enough magic to cast this spell.
You hit the kobold brigand. You burn the kobold brigand.
Your grab misses the kobold brigand.
The kobold brigand is almost dead.
The kobold brigand hits you with a +0 short sword.
* * * LOW HITPOINT WARNING * * *
The kobold brigand hits you with a +0 short sword!
You die...

....... .........
............######
.................#
#......####.###.#
#......# #.#
#......####.# #.#
#.....KK@...# #.######
#......###### #......#
###......#############<#
..........#.........##.#
###.......#......##....#
..........#......#######
##........#............#
#........#.....#####.##
..........#.....##


You could see a kobold brigand (combustible) and a kobold.

Vanquished Creatures
  Robin (D:2)
  An orc (D:4)
  2 bats (D:1)
  2 endoplasms
  2 giant cockroaches (D:1)
  7 goblins
  6 hobgoblins
  5 jackals (D:1)
  6 kobolds (D:1)
  3 quokkas
  A ball python (D:1)
  A frilled lizard (D:1)
  3 rats (D:1)
40 creatures vanquished.

Vanquished Creatures (others)
  A fungus (D:1)
1 creature vanquished.

Grand Total: 41 creatures vanquished

Notes
Turn   | Place    | Note
-------+----------+-------------------------------------------
     0 | D:1      | ragingrage the Octopode Cinder Acolyte began the quest for
                  | the Orb.
     0 | D:1      | Reached XP level 1. HP: 16/16 MP: 2/2
   307 | D:1      | Reached XP level 2. HP: 18/21 MP: 4/4
   363 | D:1      | Learned a level 2 spell: Scorch
   691 | D:1      | Found a faded altar of an unknown god.
   770 | D:1      | Reached XP level 3. HP: 19/26 MP: 1/5
  2041 | D:2      | Noticed Robin
  2084 | D:2      | Killed Robin
  2147 | D:2      | Reached XP level 4. HP: 28/31 MP: 0/7
  2252 | D:2      | You fall into a shaft and drop 2 floors!
  2285 | D:3      | Noticed Sigmund
  2321 | D:4      | Noticed a kobold brigand
  2329 | D:4      | Reached skill level 4 in Fire Magic
  2331 | D:4      | Slain by a kobold brigand

Illustrated notes

Levels and vault maps discovered:
D:1:      tarquinn_simple_flora_water_c, layout_loops_ring,
          shapermc_ecumenical_altar_acropolis
D:2:      layout_loops_cross, uniq_robin
D:3:      layout_basic, kennysheep_cross_bottleneck, minmay_checkerbox,
          uniq_crazy_yiuf_cottage, uniq_natasha, uniq_sigmund
D:4:      layout_basic, nicolae_wu_jian_immortal_techniques

Skill      XL: |  1  2  3  4 |
---------------+-------------+-----
Spellcasting   | 2 |  2.4
Fire Magic     | 4 |  4.0
Fighting       | |  3.0
Polearms       | |  3.0

Action                   |  1- 3 |  4- 6 || total
-------------------------+-------+-------++-------
Melee: Spear             |    62 |     1 ||    63
       Constrict         |     9 |       ||     9
       Punch             |     3 |       ||     3
       Tentacles         |     4 |       ||     4
 Cast: Scorch            |    26 |     3 ||    29
  Use: Scroll            |       |     1 ||     1
       Potion            |       |     1 ||     1
 Stab: Sleeping          |     1 |       ||     1
Armor: Skin              |     2 |       ||     2
Dodge: Dodged            |    40 |     7 ||    47
